 Dungeon Crawl Stone Soup version 0.27.1-2-g3b301248ec (webtiles) character file.

Game seed: 10888464094420885554

3936 YoMomma the Basher (level 10, -12/61 HPs)
             Began as a Gargoyle Berserker on Sept 22, 2021.
             Was a Priest of Trog.
             Killed by divine providence
             ... invoked by an orc priest
              (14 damage)
             ... on level 8 of the Dungeon.
             The game lasted 00:13:39 (9236 turns).

YoMomma the Basher (Gargoyle Berserker)             Turns: 9236, Time: 00:13:40

Health: -12/61     AC: 27    Str: 26    XL:     10   Next: 21%
Magic:  10/10      EV: 24    Int:  8    God:    Trog [***...]
Gold:   329        SH:  0    Dex: 17    Spells: 9/9 levels left

rFire    . . .     SeeInvis .   B - +5 falchion of Prudence {drain, Str+5 Dex+2}
rCold    . . .     Faith    .   (no shield)
rNeg     + . .     Spirit   .   D - +7 chain mail of Twilight {Dex+3}
rPois    ∞         Reflect  .   f - +0 helmet
rElec    +         Harm     .   j - +0 cloak
rCorr    .         Rampage  .   (no gloves)
Will     .....                  (no boots)
Stlth    ..........             m - amulet of the acrobat
HPRegen  0.20/turn              (no ring)
MPRegen  0.12/turn              (no ring)

@: on berserk cooldown, acrobatic, slowed, very slow
A: sickness immunity, AC +7, negative energy resistance 1, electricity
resistance, torment resistance 1, petrification resistance
a: Renounce Religion, Berserk, Trog's Hand


You were on level 8 of the Dungeon.
You worshipped Trog.
Trog was most pleased with you.
You visited 2 branches of the dungeon, and saw 9 of its levels.

You collected 329 gold pieces.

Inventory:

Hand Weapons
 a - a +0 mace
 h - a +3 falchion
 n - a +0 flail
 B - the +5 falchion of Prudence (weapon) {drain, Str+5 Dex+2}
   (You took it off a kobold on level 7 of the Dungeon)

   A truly terrible weapon, it drains the life of any living foe it strikes.
   Str:       It affects your strength (+5).
   Dex:       It affects your dexterity (+2).
Missiles
 A - 2 throwing nets (quivered)
Armour
 b - a +0 animal skin
 d - a +0 leather armour
 f - a +0 helmet (worn)
 j - a +0 cloak (worn)
 w - a +0 scale mail
 C - a +0 chain mail
 D - the +7 chain mail of Twilight (worn) {Dex+3}
   (You found it on level 7 of the Dungeon)

   Dex:       It affects your dexterity (+3).
Jewellery
 e - an amulet of magic regeneration
 i - a ring of magical power
 m - an amulet of the acrobat (around neck)
Wands
 x - a wand of flame (23)
Scrolls
 g - 2 scrolls of brand weapon
 o - 2 scrolls of noise
 p - 2 scrolls of immolation
 r - a scroll of teleportation
 s - a scroll of fear
 u - a scroll of fog
 y - a scroll of torment
 z - a scroll of identify
Potions
 c - a potion of flight {unknown}
 k - 2 potions of magic {unknown}
 l - 3 potions of curing {unknown}
 q - a potion of degeneration {unknown}
 t - a potion of heal wounds {unknown}
 v - a potion of might


   Skills:
 + Level 6.5 Fighting
 + Level 12.0 Maces & Flails
 + Level 7.3 Armour
 - Level 1.5 Dodging


You had 9 spell levels left.
You didn't know any spells.
Your spell library contained the following spells:

 Spells                   Type           Power      Damage    Failure   Level
 Summon Small Mammal      Summ           0%         N/A       93%         1
 Call Canine Familiar     Summ           0%         N/A       100%        3
 Summon Guardian Golem    Hex/Summ       0%         N/A       100%        3


Dungeon Overview and Level Annotations

Branches:
Dungeon (8/15)             Temple (1/1) D:6
   Lair: D:8-11

Altars:
Ashenzari
Cheibriados
Dithmenos
Elyvilon
Fedhas
Hepliaklqana
Makhleb
Nemelex Xobeh
Okawaru
Qazlal
Ru
Sif Muna
Trog
Uskayaw
Vehumet
Wu Jian
Yredelemnul
Zin


Innate Abilities, Weirdness & Mutations

You are immune to sickness and miasma.
Your stone body is resilient. (AC +7)
You are immune to poison.
You resist negative energy. (rN+)
You are resistant to electric shocks. (rElec)
You are resistant to unholy torment.
You are immune to petrification.


Message History

You kill the gnoll!
Trog accepts your kill.
The gnoll hits you but does no damage. x2
An orc priest comes into view. It is wielding a +0 flail.
You feel a strong urge to attack something.
The gnoll misses you.
You riposte.
You barely miss the gnoll.
The gnoll is severely wounded.
You feel your anger nearly subside.
You are no longer berserk.
You are exhausted.
You feel yourself slow down.
The gnoll shaman calls upon its god to speed up the gnoll.
The gnoll seems to speed up.
The gnoll misses you.
The orc priest invokes the aid of Beogh against you.
Beogh smites you!
* * * LOW HITPOINT WARNING * * *
The gnoll hits you from afar with a +0 spear.
* * * LOW HITPOINT WARNING * * *
The gnoll closely misses you.
There is an open door here.
The gnoll hits you but does no damage.
The orc priest miscasts a cantrip.
The orc priest begins to cast a cantrip, but forgets the words!
The gnoll completely misses you. The gnoll misses you.
The gnoll hits you but does no damage. The gnoll misses you.
You see here 16 bolts.
The orc priest calls down the wrath of Beogh upon you.
Beogh smites you!
* * * LOW HITPOINT WARNING * * *
The gnoll shaman calls upon its god to speed up the gnoll.
The gnoll seems to speed up.
The gnoll completely misses you.
You hear a shout!
The gnoll shaman calls upon its god to heal the gnoll.
The gnoll is healed somewhat.
The orc priest begins to cast a cantrip, but forgets the words!
The gnoll barely misses you.
The orc priest mumbles some strange prayers to Beogh against you.
Beogh smites you!
You die...

#....# #....#
#....# #....
#...# ####
##...##...##
#..........#
#..)@......#
#..gg......#
#...♣.######
#..(.......
##.._o.....
#..........#
######.oo♣......#
#...............#
#..........######


You could see 2 orc priests, 2 gnolls and an orc.

Vanquished Creatures
  Harold (D:7)
  Erica (D:8)
  A water moccasin (D:6)
  2 ice beasts (D:7)
  A sky beast (D:7)
  A black bear (D:5)
  4 ogres
  2 phantoms
  3 centaurs
  A kobold brigand (D:7)
  5 scorpions
  A wyvern skeleton (D:7)
  A water moccasin zombie (D:5)
  8 wights
  A jelly (D:6)
  A howler monkey (D:5)
  2 centaur zombies (D:7)
  3 orc priests
  A bullfrog skeleton (D:7)
  A centaur skeleton (D:7)
  A hound (D:5)
  An iguana (D:6)
  4 orc wizards
  A killer bee zombie (D:7)
  A howler monkey zombie (D:6)
  2 adders
  A gnoll (D:8)
  2 white imps (D:7)
  4 worms
  2 dart slugs (D:4)
  15 orcs
  3 bats
  4 endoplasms
  3 giant cockroaches
  15 goblins
  7 hobgoblins
  5 jackals (D:5)
  9 kobolds
  4 ball pythons
  A frilled lizard (D:3)
  2 rats
128 creatures vanquished.

Vanquished Creatures (others)
  A fungus (D:1)
  2 plants (D:1)
3 creatures vanquished.

Grand Total: 131 creatures vanquished

Notes
Turn   | Place    | Note
-------+----------+-------------------------------------------
     0 | D:1      | YoMomma the Gargoyle Berserker began the quest for the Orb.
     0 | D:1      | Reached XP level 1. HP: 14/14 MP: 1/1
   217 | D:1      | Reached XP level 2. HP: 19/19 MP: 2/2
   778 | D:1      | Found a faded altar of an unknown god.
   873 | D:1      | Reached skill level 4 in Maces & Flails
  1211 | D:2      | Reached XP level 3. HP: 14/23 MP: 3/3
  1888 | D:2      | Reached ** piety under Trog
  2601 | D:3      | Reached XP level 4. HP: 28/28 MP: 4/4
  3124 | D:3      | Reached skill level 5 in Maces & Flails
  3209 | D:4      | Noticed a scorpion
  3222 | D:4      | Killed a scorpion
  3223 | D:4      | Reached XP level 5. HP: 32/32 MP: 5/5
  3292 | D:4      | Noticed an ogre
  3312 | D:4      | Killed an ogre
  3313 | D:4      | Reached skill level 6 in Maces & Flails
  3313 | D:4      | Reached XP level 6. HP: 37/37 MP: 6/6
  4624 | D:5      | Entered Level 5 of the Dungeon
  4639 | D:5      | Reached skill level 7 in Maces & Flails
  4684 | D:5      | Reached XP level 7. HP: 41/41 MP: 7/7
  4972 | D:5      | Reached skill level 8 in Maces & Flails
  5148 | D:5      | Reached *** piety under Trog
  5170 | D:5      | Reached XP level 8. HP: 48/48 MP: 8/8
  5776 | D:6      | Reached skill level 9 in Maces & Flails
  6564 | D:6      | Reached skill level 10 in Maces & Flails
  6641 | D:6      | Found a stormy altar of Qazlal.
  6705 | D:6      | Found a staircase to the Ecumenical Temple.
  6912 | Temple   | Entered the Ecumenical Temple
  7266 | D:7      | Noticed Harold
  7282 | D:7      | Killed Harold
  7283 | D:7      | Reached skill level 5 in Fighting
  7283 | D:7      | Reached skill level 5 in Armour
  7283 | D:7      | Reached XP level 9. HP: 35/54 MP: 9/9
  7490 | D:7      | Reached skill level 11 in Maces & Flails
  7544 | D:7      | Identified the +5 falchion of Prudence {drain, Str+5 Dex+2}
  8249 | D:7      | Found a blossoming altar of Fedhas.
  8460 | D:7      | Found a bloodstained altar of Trog.
  8778 | D:7      | Found a shimmering blue altar of Sif Muna.
  8957 | D:7      | Identified the +7 chain mail of Twilight {Dex+3}
  9150 | D:8      | Noticed Erica
  9160 | D:8      | Killed Erica
  9161 | D:8      | Reached skill level 12 in Maces & Flails
  9161 | D:8      | Reached XP level 10. HP: 61/61 MP: 10/10
  9161 | D:8      | Found an iron altar of Okawaru.
  9234 | D:8      | HP: 2/61 [orc priest/divine providence (11)]
  9236 | D:8      | Killed from afar by an orc priest

Illustrated notes

Levels and vault maps discovered:
D:1:      psy_arrival_radial01, layout_basic,
          shapermc_ecumenical_altar_mp_urbaneastern
D:2:      layout_loops_corners
D:3:      layout_basic, palyth_stone_intersect, roderic_serpentine_path
D:4:      layout_basic, nrook_mini_vaults, sigmund_army
D:5:      layout_basic, minmay_ogre_servants
D:6:      layout_basic, nicolae_qazlal_scattered_showers,
          minmay_temple_entry_proselytizer
D:7:      layout_basic, led_sif_book, fedhas_bush_and_centaur_altar,
          bloody_trog, wad_floor_pattern_untrapped, minmay_checkerbox,
          uniq_harold
D:8:      layout_gridville, mainiacjoe_overflow_surrounded_room,
          doesnt_xom_only_xom, nicolae_tso_besieged_by_evil,
          mainiacjoe_overflow_tiny_flanked, minmay_lair_entry_grove, uniq_erica
Temple:   oiseaux_autumnal_temple

Skill      XL: |  1  2  3  4  5  6  7  8  9 |
---------------+----------------------------+-----
Maces & Flails | 4 5 6 7 8 10 12 | 12.0
Armour         | 3 4 5 7 |  7.3
Fighting       | 5 6 |  6.5
Dodging        | |  1.5

Action                   |  1- 3 |  4- 6 |  7- 9 | 10-12 || total
-------------------------+-------+-------+-------+-------++-------
Melee: Mace              |    75 |     9 |       |       ||    84
       Falchion          |    11 |    10 |    76 |     5 ||   102
       Flail             |       |    58 |   228 |       ||   286
       Unarmed           |       |    17 |       |       ||    17
Invok: Berserk           |     4 |     5 |     8 |     1 ||    18
  Use: Scroll            |       |     5 |     4 |       ||     9
Armor: Animal skin       |    11 |       |       |       ||    11
       Leather armour    |    13 |    37 |    59 |       ||   109
       Scale mail        |       |       |    47 |       ||    47
       Chain mail        |       |       |    43 |    11 ||    54
Dodge: Dodged            |    37 |    32 |   209 |    10 ||   288
       Rpst.: Falchion   |     3 |     2 |     6 |     2 ||    13
